 Dungeon Crawl Stone Soup version 0.28.0-47-ge53b351184 (webtiles) character file.

Game seed: 17757947287571366575

45 hawla the Scratcher (level 3, -2/15 HPs)
             Began as a Felid Transmuter on May 2, 2022.
             Slain by an iguana (11 damage)
             ... on level 3 of the Dungeon.
             The game lasted 00:04:33 (1666 turns).

hawla the Scratcher (Felid Transmuter)              Turns: 1666, Time: 00:04:34

Health: -2/15      AC:  1    Str:  6    XL:     3   Next: 42%
Magic:  5/7        EV: 17    Int: 16    God:
Gold:   54         SH:  0    Dex: 16    Spells: 4/7 levels left
                                        Lives:  0   Deaths: 0

rFire   . . .      SeeInvis +     - Unarmed
rCold   . . .      Faith    .   (shield unavailable)
rNeg    . . .      Spirit   .   (armour unavailable)
rPois   .          Reflect  .   (helmet unavailable)
rElec   .          Harm     .   (cloak unavailable)
rCorr   .          Rampage  .   (gloves unavailable)
Will    .....                   (boots unavailable)
Stlth   +.........              (no amulet)
HPRegen 0.05/turn               (no ring)
MPRegen 0.10/turn               (no ring)

@: wereblooded, quick
A: very small, claws 1, fangs 3, see invisible, speed 1, shaggy fur 1, stealthy
paws, no weapons or thrown items, no armour, multi-lived
a: no special abilities


You were on level 3 of the Dungeon.
You visited 1 branch of the dungeon, and saw 3 of its levels.

You collected 54 gold pieces.

Inventory:

Scrolls
 a - a scroll of teleportation {unknown}
 e - a scroll of fear {unknown}
 f - a scroll of vulnerability {unknown}
 g - 2 scrolls of enchant weapon {unknown}
Potions
 b - a potion of heal wounds {unknown}
 c - a potion of lignification {unknown}
 d - a potion of resistance {unknown}


   Skills:
 - Level 1.0 Fighting
 - Level 2.9 Dodging
 - Level 3.6 Unarmed Combat
 + Level 2.6 Spellcasting
 + Level 2.8 Transmutations


You had 4 spell levels left.
You knew the following spells:

 Your Spells              Type           Power      Damage    Failure   Level
a - Beastly Appendage     Tmut           22%        N/A       6%          1
b - Wereblood             Tmut           11%        N/A       10%         2

Your spell library contained the following spells:

 Spells                   Type           Power      Damage    Failure   Level
 Spider Form              Tmut/Pois      6%         N/A       32%         3
 Ice Form                 Ice/Tmut       6%         N/A       73%         4


Dungeon Overview and Level Annotations

Branches:
Dungeon (3/15)

Altars:

Shops:
D:2 ?!

Annotations:
D:2 Terence


Innate Abilities, Weirdness & Mutations

You have sharp claws.
You have razor-sharp teeth.
You have supernaturally acute eyesight. (SInv)
You cover ground quickly. (Speed+)
You are covered in fur. (AC +1)
Your paws help you pounce on unaware monsters.
You are incapable of wielding weapons or throwing items.
You cannot wear armour.
You gain extra lives every three experience levels.


Message History

You now have enough gold to buy a potion of might on D:2.
You can access your shopping list by pressing '$'.
You now have 54 gold pieces (gained 9).
You howl as the wereblood boils in your veins!
You howl as the wereblood boils in your veins!
Your horns disappear.
Found a dagger.
You start resting.
Your primal bloodlust is almost over.
You start resting.
Your primal bloodlust has ended.
You start resting.
Magic restored.
You start resting.
HP restored.
Found 25 sling bullets.
An iguana comes into view.
The iguana hisses angrily.
Casting: Wereblood (safe; 10% risk of failure)
Confirm with . or Enter, or press ? or * to list all spells.
Your blood is infused with primal strength.
The iguana hisses menacingly.
You scratch the iguana. You claw the iguana, but do no damage.
The iguana is moderately wounded.
The iguana bites you but does no damage.
You closely miss the iguana.
The iguana is moderately wounded.
You closely miss the iguana.
The iguana is moderately wounded.
The iguana bites you.
You barely miss the iguana.
The iguana is moderately wounded.
The iguana barely misses you.
You barely miss the iguana.
The iguana is moderately wounded.
The iguana completely misses you.
You scratch the iguana but do no damage.
The iguana is moderately wounded.
The iguana bites you!
Ouch! That really hurt!
You die...

###### ####### .....#
#.....# ....(##
######.....######l..)...
...†............@.......
###........#########....
#........# . #........#
#........# #........#
#........# #........#


You could see an iguana.

Vanquished Creatures
  2 adders (D:3)
  4 endoplasms
  2 goblins (D:1)
  5 hobgoblins
  A quokka (D:2)
  2 ball pythons (D:1)
  4 bats
  A frilled lizard (D:1)
  5 kobolds (D:1)
  A rat (D:1)
27 creatures vanquished.

Notes
Turn   | Place    | Note
-------+----------+-------------------------------------------
     0 | D:1      | hawla the Felid Transmuter began the quest for the Orb.
     0 | D:1      | Reached XP level 1. HP: 9/9 MP: 4/4
   324 | D:1      | Reached XP level 2. HP: 12/12 MP: 4/6
   891 | D:1      | You fall into a shaft and drop 1 floor!
   891 | D:2      | Found a faded altar of an unknown god.
   983 | D:2      | Found Ryrphao's Magic Scroll Shoppe.
  1038 | D:2      | Found Ijeymp's Distillery.
  1069 | D:2      | Noticed Terence
  1321 | D:3      | Learned a level 2 spell: Wereblood
  1363 | D:3      | Reached XP level 3. HP: 9/15 MP: 7/7
  1666 | D:3      | Slain by an iguana

Illustrated notes

Levels and vault maps discovered:
D:1:      onia_arrival_pentagram, layout_loops_ring, minmay_hexomino_c4
D:2:      layout_basic, ebering_ecumenical_altar_webs, serial_shops, shop,
          nicolae_square_shop, nicolae_shop_trees, grunt_ministairs_13,
          minmay_split_cup_large, uniq_terence, uniq_crazy_yiuf_cottage
D:3:      cheibrodos_helix_gallery, layout_basic

Action                   || total
-------------------------++-------
Melee: Unarmed           ||    69
       Headbutt          ||     5
       Bite              ||     4
       Punch             ||     3
 Cast: Beastly Appendage ||    16
       Wereblood         ||     2
Armor: Skin              ||     4
Dodge: Dodged            ||    55
